CorruptionsAndSegfaults, neutral female scurrid Tourist ----------------- ---------................-------- -------..>...........?.................------ ------............?...............................------ ----<.......!.............................................---- ---.[.................*........................................--- ---.........................?.............%........................--- ---....................................................................--- |......................................................*......?..........| |...........................................................&............| |...%...................................................)..@..!..........| ---.[%....................................?.............!.........`....--- ---................................................................--- ---............................................................--- ----...........).%........................................---- ------.......................%....................------ -------................................------ ---------............... -------- ---------------- CorruptionsAndSegfaults the Rambler Experience level: 1 Strength: 15 Dexterity: 15 Constitution: 14 Intelligence: 12 Wisdom: 6 Charisma: 12 Health: 0(9) Energy: 2(2) Def: 0 Gold: 13 Moves: 43 Dungeon seed: ogjYYrnv8eQ16tf5 Game ID: CorruptionsAndSegfaults_1498500410 Your Inventory: Coins $ - 13 gold pieces Weapons a - 36 uncursed +2 darts (in quiver) Armor e - an uncursed +0 Hawaiian shirt (being worn) Comestibles b - an uncursed tin of lichen c - 3 uncursed food rations d - 3 uncursed tripe rations f - 2 uncursed eggs g - an uncursed chestnut Scrolls i - 4 uncursed scrolls of magic mapping Potions h - 2 blessed potions of extra healing Wands l - an uncursed wand of secret door detection (0:13) Tools j - an uncursed expensive camera (0:85) k - an uncursed credit card Spells and supernatural/magical abilities: Name Level Category Fail Memory W - pray for help -- divine ? -- Your skills at the end: Miscellaneous Skills wands [Basic] Weapon Skills dart [Basic] Spellcasting Skills Final Attributes: You were devoutly aligned. You had infravision. You were very stealthy. You are dead. Vanquished creatures: a freezing sphere a hobgoblin a jackal 2 sewer rats 5 creatures vanquished. Voluntary challenges: You went without food. You did not adorn yourself with jewelry or accessories. You did not cause conflict. You were not invisible. You did not have reflection. You were not displaced. You were an atheist. You never hit with a wielded weapon. You did not use tools. You did not use plumbed fixtures. You did not drink any magical draughts. You were illiterate. You never genocided any monsters. You never polymorphed an object. You never changed form. You used no wishes. You never split a pudding. You never wrote Elbereth's name. You never violated your personal moral code. Dungeon overview: The Dungeons of Doom: levels 1 to 14 Level 1 a long staircase Level 2 Level 3 Level 4 Level 5 Level 6 Level 7 Level 8 a long staircase Level 9 Level 10 Level 11 Level 12 Level 13 Level 14 <- You were here History has recorded: On T:1 you entered the Dungeons of Doom to retrieve the Amulet of Yendor! On T:4 you reached level 2 of The Dungeons of Doom. On T:7 you reached level 3 of The Dungeons of Doom. On T:10 you reached level 4 of The Dungeons of Doom. On T:12 you reached level 5 of The Dungeons of Doom. On T:14 you reached level 6 of The Dungeons of Doom. On T:16 you reached level 7 of The Dungeons of Doom. On T:19 you reached level 8 of The Dungeons of Doom. On T:29 you reached level 9 of The Dungeons of Doom. On T:31 you reached level 10 of The Dungeons of Doom. On T:34 you reached level 11 of The Dungeons of Doom. On T:36 you reached level 12 of The Dungeons of Doom. On T:38 you reached level 13 of The Dungeons of Doom. On T:40 you reached level 14 of The Dungeons of Doom. Score breakdown: Gold: 0 ( 0 points) Experience: 1 level ( 0 points) Exploration: 14 levels ( 390 points) Discoveries: 0 items ( 0 points) Variety of kills: 4 monsters ( 200 points) Major goal: (nothing yet) ( 0 points) Survival: died (score multiplied by 3) Total score: 1770 Latest messages: You dig a pit in the floor. You continue digging downward. You dig a hole through the floor. You fall through... You receive a faint telepathic message from Twoflower: Your help is urgently needed at Ankh-Morpork! Look for a ...ic transporter. You couldn't quite make out that last message. You start digging downward. You continue digging downward. You dig a pit in the floor. You continue digging downward. You dig a hole through the floor. You fall through... The dart hits the floating eye. You start digging downward. The freezing sphere explodes! You duck some of the blast. You continue digging downward. You dig a pit in the floor. You die... Final status: Aloha CorruptionsAndSegfaults the Tourist, killed by a succubus... You died in The Dungeons of Doom on dungeon level 14 with 1770 points, and 13 pieces of gold, after 43 moves. You were level 1 with a maximum of 9 hit points when you died.